 Dungeon Crawl Stone Soup version 0.21-a0-283-g622b906 (webtiles) character file.

175 GlassEater the Shield-Bearer (level 5, -6/42 HPs)
             Began as a Formicid Fighter on Sept 24, 2017.
             Killed by divine providence
             ... invoked by an orc priest
              (17 damage)
             ... on level 3 of the Dungeon.
             The game lasted 00:03:18 (2430 turns).

GlassEater the Shield-Bearer (Formicid Fighter)     Turns: 2430, Time: 00:03:19

Health: -6/42      AC:  9    Str: 22    XL:     5   Next: 85%
Magic:  5/5        EV:  6    Int:  7    God:
Gold:   125        SH: 10    Dex: 10    Spells: 4/4 levels left

rFire    . . .     SeeInvis +   a - +0 flail
rCold    . . .     Gourm    .   c - +0 shield
rNeg     . . .     Faith    .   j - +0 chain mail
rPois    .         Spirit   .   (helmet unavailable)
rElec    .         Reflect  .   (no cloak)
rCorr    .         Harm     .   (no gloves)
MR       .....                  (no boots)
Stlth    ..........             (no amulet)
HPRegen  0.14/turn              (no ring)
MPRegen  0.09/turn              (no ring)

@: no status effects
A: permanent stasis, dig shafts and tunnels, four strong arms, antennae 3
a: Dig, Shaft Self


You were on level 3 of the Dungeon.
You were hungry.

You visited 1 branch of the dungeon, and saw 3 of its levels.

You collected 125 gold pieces.

Inventory:

Hand Weapons
 a - a +0 flail (weapon)
Missiles
 i - 90 stones (quivered)
Armour
 c - a +0 shield (worn)
 j - a +0 chain mail (worn)
Scrolls
 k - a scroll of fog {unknown}
 l - a scroll of remove curse {unknown}
 m - 4 scrolls of enchant weapon {unknown}
Potions
 d - 2 potions of might
 e - 4 potions of curing {unknown}
 g - a potion of degeneration {unknown}
 n - a potion of resistance {unknown}
 o - a potion of heal wounds {unknown}
Comestibles
 b - 8 chunks of flesh
 f - 3 bread rations
 h - a meat ration


   Skills:
 + Level 3.7 Fighting
 + Level 3.8 Maces & Flails
 + Level 3.9 Armour
 + Level 0.6 Dodging
 + Level 5.0 Shields


You had 4 spell levels left.
You didn't know any spells.

Dungeon Overview and Level Annotations

Branches:
Dungeon (3/15)

Altars:
Vehumet
Wu Jian


Innate Abilities, Weirdness & Mutations

You cannot be hasted, slowed, berserked, paralysed or teleported.
You can dig through walls and to a lower floor.
Your four strong arms can wield two-handed weapons with a shield.
You have a pair of large antennae on your head. (SInv)


Message History

The orc priest calls down the wrath of Beogh upon you.
Beogh smites you!
* * * LOW HITPOINT WARNING * * *
You closely miss the orc priest.
The orc priest is almost dead.
The orc priest looks encouraged for a moment.
The orc priest begins to cast a cantrip, but forgets the words!
You sock the orc priest!
You kill the orc priest!
Your Shields skill increases to level 5!
You closely miss the orc. You block the orc's attack.
Your chain mail prevents you from hitting the orc.
The orc hits you but does no damage. You block the orc's attack.
You hit the orc but do no damage. The orc hits you but does no damage.
You hit the orc.
The orc is severely wounded.
The orc hits you but does no damage.
The orc priest invokes the aid of Beogh against you.
Beogh smites you!
You die...

... $.. .. .. ..
.. . .##. .. ...
... # #.# ..##
#.#..####.##..?..
.....oo@%........
.....####.#..#..#
... #.# .... .
#.# .#.# #.# # #
#######.# #
#.......#
#.#.#######
#.#.#######.


You could see an orc priest and an orc.

Vanquished Creatures
  An orc priest (D:3)
  Terence (D:2)
  4 adders (D:2)
  2 oozes
  2 dart slugs
  2 leopard geckos
  An orc (D:3)
  A ball python (D:1)
  8 bats
  3 giant cockroaches
  7 goblins
  12 hobgoblins
  7 jackals (D:1)
  4 frilled lizards
  6 kobolds
  5 rats
66 creatures vanquished.

Notes
Turn   | Place    | Note
-------+----------+-------------------------------------------
     0 | D:1      | GlassEater the Formicid Fighter began the quest for the Orb.
     0 | D:1      | Reached XP level 1. HP: 18/18 MP: 1/1
   178 | D:1      | Reached XP level 2. HP: 13/24 MP: 2/2
   490 | D:1      | Reached skill level 4 in Shields
   500 | D:1      | Reached XP level 3. HP: 19/29 MP: 3/3
  1451 | D:2      | Reached XP level 4. HP: 35/35 MP: 4/4
  1453 | D:2      | Found an ornate altar of the Wu Jian Council.
  1582 | D:2      | Found a radiant altar of Vehumet.
  1712 | D:2      | Noticed Terence
  1735 | D:2      | Killed Terence
  1735 | D:2      | Reached XP level 5. HP: 36/41 MP: 5/5
  1784 | D:2      | Found a faded altar of an unknown god.
  2426 | D:3      | Reached skill level 5 in Shields
  2430 | D:3      | Killed from afar by an orc priest

Vault maps used:
D:1:      lemuel_arrival_river_bridge
D:2:      lemuel_crystal_altar, nicolae_overflow_crystal_walls,
          chequers_ecumenical_altar_simple_redux, kennysheep_generic_room_4,
          uniq_terence

Skill      XL: |  1  2  3  4  5 |
---------------+----------------+-----
Shields        | 4 5 |  5.0
Maces & Flails | 3 |  3.8
Fighting       | |  3.7
Armour         | |  3.9
Dodging        | |  0.6

Action                   |  1- 3 |  4- 6 || total
-------------------------+-------+-------++-------
Melee: Flail             |   127 |   172 ||   299
  Eat: Chunk             |     2 |     3 ||     5
Armor: Scale mail        |    37 |       ||    37
       Chain mail        |    57 |    77 ||   134
Dodge: Dodged            |    67 |    49 ||   116
Block: Shield            |   103 |    94 ||   197

Table legend:
 A = Spawn XP
 B = Non-spawn XP
 C = Spawn XP percentage of total XP
 D = Spawn monster count
 E = Non-spawn monster count
 F = Spawn count percentage of total count
 G = Total turns spent on level
                    A         B        C        D         E        F      G
               +---------+---------+-------+---------+---------+-------+---------
         Total |       0 |     250 |   0.0 |       0 |      66 |   0.0 |  2430
               +---------+---------+-------+---------+---------+-------+---------
           D:1 |       0 |      61 |   0.0 |       0 |      31 |   0.0 |  1447
           D:2 |       0 |     143 |   0.0 |       0 |      32 |   0.0 |   919
           D:3 |       0 |      46 |   0.0 |       0 |       3 |   0.0 |    64
               +---------+---------+-------+---------+---------+-------+---------
